 Dungeon Crawl Stone Soup version 0.25.1-8-g42b30a86e7 (webtiles) character file.

Game seed: 13523623672450070096

78 hehateme the Chopper (level 4, -1/48 HPs)
             Began as an Ogre Fighter on Dec 5, 2020.
             Slain by an adder (5 damage)
             ... on level 2 of the Dungeon.
             The game lasted 00:04:08 (1869 turns).

hehateme the Chopper (Ogre Fighter)                 Turns: 1869, Time: 00:04:09

Health: -1/48      AC:  3    Str: 21    XL:     4   Next: 36%
Magic:  4/4        EV:  8    Int:  9    God:
Gold:   62         SH:  8    Dex:  8    Spells: 3/3 levels left

rFire    . . .     SeeInvis .   a - +0 war axe
rCold    . . .     Gourm    .   c - +0 kite shield
rNeg     . . .     Faith    .   b - +0 robe
rPois    .         Spirit   .   (helmet restricted)
rElec    .         Reflect  .   (no cloak)
rCorr    .         Harm     .   (gloves unavailable)
MR       .....                  (boots unavailable)
Stlth    +.........             (no amulet)
HPRegen  0.16/turn              (no ring)
MPRegen  0.09/turn              (no ring)

@: lethally poisoned (-1 -> -5)
A: large, unfitting armour, tough skin 1
a: no special abilities


You were on level 2 of the Dungeon.
You were not hungry.

You visited 1 branch of the dungeon, and saw 2 of its levels.

You collected 62 gold pieces.

Inventory:

Hand Weapons
 a - a +0 war axe (weapon)
Missiles
 k - 35 bolts
 p - 21 sling bullets
 w - 6 stones (quivered)
 Q - 40 arrows
Armour
 b - a +0 robe (worn)
 c - a +0 kite shield (worn)
 t - a cursed +0 cloak
Wands
 g - a wand of iceblast (6)
Scrolls
 h - a scroll of remove curse {unknown}
 j - a scroll of enchant armour {unknown}
 m - a scroll of teleportation {unknown}
 o - 3 scrolls of magic mapping {unknown}
 u - a scroll of fear {unknown}
 v - a scroll of amnesia {unknown}
Potions
 d - a potion of might
 f - a potion of lignification {unknown}
 i - a potion of invisibility {unknown}
 l - a potion of cancellation {unknown}
 n - a potion of stabbing {unknown}
 q - 2 potions of berserk rage {unknown}
 s - 3 potions of curing {unknown}
Comestibles
 e - 2 rations
 r - 3 chunks of flesh


   Skills:
 - Level 4.0 Fighting
 * Level 4.5 Axes
 - Level 2.6 Dodging
 - Level 2.6 Shields


You had 3 spell levels left.
You didn't know any spells.
Your spell library was empty.

Dungeon Overview and Level Annotations

Branches:
Dungeon (2/15)

Altars:
Wu Jian


Innate Abilities, Weirdness & Mutations

You are too large for most types of armour.
You have tough skin. (AC +1)


Message History

You block the adder's attack.
You take 2 damage, and have 17/48 hp.
You hit the adder.
You feel sick. The adder bites you.
* * * LOW HITPOINT WARNING * * *
The adder completely misses you.
You take 4 damage, and have 13/48 hp.
You barely miss the adder.
You feel sick. The adder bites you.
* * * LOW HITPOINT WARNING * * *
You take 2 damage, and have 11/48 hp.
You hit the adder.
You feel sick. The adder barely misses you. You block the adder's attack.
You take 1 damage, and have 10/48 hp.
You hit the adder.
You feel sick. The adder bites you but does no damage. The adder bites you.
* * * LOW HITPOINT WARNING * * *
You take 5 damage, and have 5/48 hp.
You miss the adder.
* * * LOW HITPOINT WARNING * * *
You feel sick. You block the adder's attack. The adder bites you.
You die...

#.##.#.#### #.#...รท...#
#.####.##.#######
#......#.........
#########..#######
+................>
#########..######.
#.................
#@########..#####.
..(.(..S.# #..........
.........# #.#..##....
######...#####.#..##.#>.
......[............
############..##.#.#
#..##.#..
##########..##.#..
#...............).

Skill      XL: |  1  2  3 |
---------------+----------+-----
Axes           | 3 4 |  4.5
Fighting       | |  4.0
Dodging        | |  2.6
Shields        | |  2.6

Notes
Turn   | Place    | Note
-------+----------+-------------------------------------------
     0 | D:1      | hehateme the Ogre Fighter began the quest for the Orb.
     0 | D:1      | Reached XP level 1. HP: 24/24 MP: 1/1
   116 | D:1      | Reached XP level 2. HP: 31/32 MP: 2/2
   297 | D:1      | Reached skill level 3 in Axes
   490 | D:1      | Reached XP level 3. HP: 35/39 MP: 3/3
  1293 | D:2      | Reached skill level 4 in Axes
  1348 | D:2      | Found an ornate altar of the Wu Jian Council.
  1637 | D:2      | Reached XP level 4. HP: 37/48 MP: 4/4
  1866 | D:2      | HP: 11/48 [adder (2)]
  1868 | D:2      | HP: 5/48 [adder (4)]
  1869 | D:2      | Slain by an adder

Table legend:
 A = Turns spent in this place as a percentage of turns spent in the entire game.
 B = Non-inter-level travel turns spent in this place as a percentage of non-inter-level travel turns spent in the entire game.
 C = Inter-level travel turns spent in this place as a percentage of turns spent in this place.
 D = Turns resting spent in this place as a percentage of non-inter-level travel turns spent in this place.
 E = Turns spent auto-exploring this place as a percentage of non-inter-level travel turns spent in this place.
 F = Non-inter-level travel turns spent in this place divided by the number of levels of this place that you've seen.
                   A       B       C       D       E      F
               +-------+-------+-------+-------+-------+----------------------
         Total | 100.0 | 100.0 |   1.3 |   0.0 |  83.1 | 922.5
       Dungeon | 100.0 | 100.0 |   1.3 |   0.0 |  83.1 | 922.5
               +-------+-------+-------+-------+-------+----------------------

Table legend:
 A = Kills in this place as a percentage of kills in entire the game.
 B = Kills by you in this place as a percentage of kills by you in the entire game.
 C = Kills by friends in this place as a percentage of kills by friends in the entire game.
 D = Other kills in this place as a percentage of other kills in the entire game.
 E = Experience gained in this place as a percentage of experience gained in the entire game.
 F = Experience gained in this place divided by the number of levels of this place that you have seen.
                   A       B       C       D       E      F
               +-------+-------+-------+-------+-------+----------------------
         Total | 100.0 | 100.0 |   N/A |   N/A | 100.0 |  56.0
       Dungeon | 100.0 | 100.0 |   N/A |   N/A | 100.0 |  56.0
               +-------+-------+-------+-------+-------+----------------------

Action                   |  1- 3 |  4- 6 || total
-------------------------+-------+-------++-------
Melee: War axe           |    87 |    31 ||   118
Throw: Stone             |    29 |     2 ||    31
  Eat: Chunk             |     2 |     1 ||     3
Armor: Robe              |    32 |     2 ||    34
Dodge: Dodged            |    26 |    17 ||    43
Block: Kite shield       |    46 |    15 ||    61

Vanquished Creatures
  A gnoll (D:2)
  2 adders (D:2)
  An ooze (D:1)
  A worm (D:2)
  4 dart slugs
  A leopard gecko (D:2)
  A giant cockroach (D:1)
  2 hobgoblins (D:1)
  6 jackals
  5 bats (D:1)
  2 frilled lizards (D:1)
  3 goblins (D:1)
  2 kobolds
  6 rats
37 creatures vanquished. You could see an adder.

Levels and vault maps discovered:
D:1:      kilobyte_arrival_exit_the_forest, layout_basic, st_stairs_1
D:2:      layout_basic, marbit_many_paths, nicolae_overflow_crystal_walls,
          minivault_26, cheibrodos_gnoll_hut
